 Dungeon Crawl Stone Soup version 0.30-a0-578-gdee14c521f (webtiles) character file.

Game seed: 12611204468323135716

18657 wormed the Covert (level 12, -3/63 HPs)
             Began as a Spriggan Hunter on Jan 1, 2023.
             Was a High Priest of Okawaru.
             Killed from afar by an orc sorcerer (42 damage)
             ... with a bolt of fire
             ... on level 1 of the Orcish Mines.
             The game lasted 00:24:46 (14610 turns).

wormed the Covert (Spriggan Hunter)                Turns: 14610, Time: 00:24:46

Health: -3/63      AC:  5    Str:  7    XL:     12   Next: 29%
Magic:  19/19      EV: 28    Int: 11    God:    Okawaru [*****.]
Gold:   879        SH:  0    Dex: 23    Spells: 11/11 levels left

rFire   . . .      SeeInvis +    r - +0 shortbow (flame)
rCold   + . .      Faith    .    (shield currently unavailable)
rNeg    . . .      Spirit   .    D - +2 robe {rC+}
rPois   .          Reflect  .    (helmet restricted)
rElec   .          Harm     .    p - +0 cloak
rCorr   .          Rampage  .    (gloves unavailable)
Will    +++..                    (boots unavailable)
Stlth   ++++++                   l - amulet of magic regeneration
HPRegen 0.30/turn                d - ring of willpower
MPRegen 0.56/turn                (no ring)

@: very quick
A: very small, no large weapons, unfitting armour, see invisible, speed 3
a: Renounce Religion, Heroism, Finesse, Duel


You were on level 1 of the Orcish Mines.
You worshipped Okawaru.
Okawaru was extremely pleased with you.
You visited 3 branches of the dungeon, and saw 13 of its levels.

You collected 949 gold pieces.
You spent 70 gold pieces at shops.

Inventory:

Hand Weapons
 r - a +0 shortbow of flaming (weapon)
Missiles
 b - 2 throwing nets
Armour
 p - a +0 cloak (worn)
 D - a +2 robe of cold resistance (worn)
Jewellery
 d - a ring of willpower (left hand)
 l - an amulet of magic regeneration (around neck)
Wands
 c - a wand of quicksilver (22)
 x - a wand of polymorph (20)
 z - a wand of flame (30)
 C - a wand of roots (5)
Scrolls
 e - 7 scrolls of teleportation
 g - 5 scrolls of poison
 j - 2 scrolls of amnesia
 n - a scroll of magic mapping
 o - a scroll of enchant armour
 t - a scroll of vulnerability
 u - a scroll of fear
 y - 3 scrolls of enchant weapon
 B - 2 scrolls of fog
Potions
 f - 2 potions of magic
 h - 4 potions of resistance
 i - a potion of ambrosia
 k - 3 potions of might
 m - 6 potions of degeneration
 q - 3 potions of haste
 s - 6 potions of curing
 v - a potion of berserk rage {unknown}
 w - a potion of flight {unknown}
 A - a potion of heal wounds
 E - a potion of mutation {unknown}
 G - a potion of invisibility {unknown}


   Skills:
 + Level 7.0 Fighting
 * Level 12.2 Ranged Weapons
 + Level 11.0 Dodging
 + Level 12.6 Stealth
 - Level 9.1 Invocations


You had 11 spell levels left.
You didn't know any spells.
Your spell library contained the following spells:

 Spells                   Type           Power      Damage    Failure   Level
 Kiss of Death            Conj/Necr      0%         2d5       34%         1
 Cigotuvi's Dreadful Rot  Necr/Pois/Air  0%         N/A       47%         2
 Poisonous Vapours        Pois/Air       0%         N/A       47%         2
 Confusing Touch          Hex            0%         N/A       71%         3
 Mephitic Cloud           Conj/Pois/Air  0%         N/A       71%         3
 Portal Projectile        Hex/Tloc       0%         N/A       71%         3
 Vhi's Electric Charge    Tloc/Air       0%         N/A       71%         3
 Dispel Undead            Necr           0%         3d6       98%         4
 Arcjolt                  Conj/Air       0%         1d10      100%        5
 Blade Hands              Tmut           0%         N/A       100%        5
 Conjure Ball Lightning   Conj/Air       0%         3x3d6     100%        6
 Discord                  Hex            0%         N/A       100%        8
 Disjunction              Tloc           0%         N/A       100%        8
 Maxwell's Capacitive Co  Air            0%         ∞         100%        8
 Tukima's Dance           Hex            Unusable   N/A       N/A         3

Dungeon Overview and Level Annotations

Branches:
Dungeon (11/15)            Temple (1/1) D:4             Orc (1/2) D:10
   Lair: D:8-11

Altars:
Ashenzari
Cheibriados
Dithmenos
Elyvilon
Fedhas
Gozag
Hepliaklqana
Kikubaaqudgha
Makhleb
Nemelex Xobeh
Okawaru
Qazlal
Ru
Sif Muna
Trog
Uskayaw
Vehumet
Wu Jian
Xom
Yredelemnul
Zin
The Shining One

Shops:
D:7 ([!

Annotations:
Orc:1 2 transporters


Innate Abilities, Weirdness & Mutations

You are very small and have problems with some larger weapons.
You are too small for most types of armour.
You have supernaturally acute eyesight. (SInv)
You cover ground extremely quickly. (Speed+++)


Message History

The grasping roots constrict the hell hound. x2
The hell hound breathes flames at you.
The blast of flame hits the hell hound.
The hell hound completely resists.
The blast of flame misses you.
The hell hound struggles to escape constriction.
The hell hound escapes!
The hell hound barks!
The grasping roots constrict the hell hound.
The roots release their grip on the hell hound.
The hell hound breathes flames at you. The blast of flame hits you!
* * * LOW HITPOINT WARNING * * *
You feel much better.
As you read the scroll of teleportation, it crumbles to dust.
You feel strangely unstable.
Your surroundings suddenly seem different.
An orc sorcerer comes into view. It is wielding a +0 dagger.
Found 9 gold pieces.
Found a stone staircase leading down.
You shoot an arrow. The arrow hits the orc sorcerer!
The arrow burns the orc sorcerer!
The orc sorcerer shouts!
The orc sorcerer is severely wounded.
You shoot an arrow. The arrow hits the orc sorcerer.
The arrow burns the orc sorcerer.
The orc sorcerer is severely wounded.
You shoot an arrow. The arrow hits the orc sorcerer.
The arrow burns the orc sorcerer.
The orc sorcerer is almost dead.
You shoot an arrow.
The arrow hits the orc sorcerer but does no damage.
The orc sorcerer is almost dead.
The orc sorcerer casts a spell at you. The bolt of negative energy misses you.
You shoot an arrow.
The arrow closely misses the orc sorcerer.
The orc sorcerer's eyes start to glow.
The orc sorcerer gestures at you while chanting.
The bolt of fire hits you!!!
Ouch! That really hurt!
You die...

## #.## # ##
...####
##.##.#......#
#.............
#....@...o...
#............
##...........
#........>..
##..........
##.#..#..#. ##
##..$.. ...#.


You could see an orc sorcerer.

Vanquished Creatures
  2 two-headed ogres
  Pikel (D:6)
  A gargoyle (D:10)
  A kobold demonologist (D:9)
  Maggie (D:7)
  An unseen horror zombie (D:9)
  A troll (D:10)
  Grinder (D:5)
  Sigmund (D:4)
  A wyvern (D:7)
  16 yaks
  2 steam dragons
  Menkaure (D:7)
  Edmund (D:4)
  2 wargs (Orc:1)
  2 water moccasins
  Duvessa (D:5)
  7 orc warriors
  5 sky beasts
  A hornet zombie (D:9)
  3 black bears (D:5)
  4 ogres
  4 centaurs
  2 lemures
  2 phantoms
  8 bullfrogs
  2 kobold brigands
  2 gnoll sergeants
  2 necrophages
  5 scorpions
  A wyvern zombie (D:9)
  17 wights
  Dowan (D:6)
  A killer bee (D:5)
  3 howler monkeys (D:9)
  2 electric eels (D:9)
  2 centaur zombies (D:9)
  5 orc priests
  Crazy Yiuf (D:2)
  4 hounds
  6 jellies
  6 iguanas
  11 orc wizards
  4 howler monkey zombies (D:9)
  12 gnolls
  11 adders
  2 shadow imps
  3 white imps
  3 worms
  4 dart slugs
  45 orcs
  4 ball pythons
  5 endoplasms
  5 giant cockroaches
  9 goblins
  11 hobgoblins
  9 jackals
  2 quokkas
  5 bats
  A frilled lizard (D:3)
  16 kobolds
  3 rats
297 creatures vanquished.

Vanquished Creatures (others)
  6 fungi (D:9)
  4 toadstools (D:9)
10 creatures vanquished.

Grand Total: 307 creatures vanquished

Notes
Turn   | Place    | Note
-------+----------+-------------------------------------------
     0 | D:1      | wormed the Spriggan Hunter began the quest for the Orb.
     0 | D:1      | Reached XP level 1. HP: 10/10 MP: 2/2
   178 | D:1      | Reached XP level 2. HP: 15/15 MP: 3/3
   440 | D:1      | Reached XP level 3. HP: 18/18 MP: 4/4
   847 | D:2      | Noticed an ogre
   872 | D:2      | Reached XP level 4. HP: 21/23 MP: 5/5
   972 | D:2      | Killed an ogre
   973 | D:2      | Reached skill level 5 in Ranged Weapons
   973 | D:2      | Reached XP level 5. HP: 17/27 MP: 6/6
  1047 | D:2      | Found a runed translucent door.
  1048 | D:2      | Noticed Crazy Yiuf
  1546 | D:2      | Killed Crazy Yiuf
  1861 | D:3      | Found a blossoming altar of Fedhas.
  2250 | D:3      | Found a shadowy altar of Dithmenos.
  2572 | D:3      | Reached XP level 6. HP: 26/32 MP: 7/7
  3056 | D:4      | Noticed Edmund
  3067 | D:5      | Entered Level 5 of the Dungeon
  3083 | D:5      | Noticed Dowan
  3084 | D:5      | Noticed Duvessa
  3173 | D:4      | Found a staircase to the Ecumenical Temple.
  3175 | D:4      | Found a shimmering altar of Xom.
  3175 | D:4      | Noticed Sigmund
  3334 | D:4      | Killed Sigmund
  3335 | D:4      | Reached skill level 5 in Dodging
  3335 | D:4      | Reached skill level 5 in Stealth
  3335 | D:4      | Reached XP level 7. HP: 27/36 MP: 8/8
  3800 | Temple   | Entered the Ecumenical Temple
  4012 | D:4      | Found a hazy altar of Hepliaklqana.
  4062 | D:4      | Killed Edmund
  4112 | D:4      | Found a radiant altar of Vehumet.
  4124 | D:4      | Found a bloodstained altar of Trog.
  4126 | D:4      | Found an iron altar of Okawaru.
  4127 | D:4      | Found an ancient bone altar of Kikubaaqudgha.
  4131 | D:4      | Found an opulent altar of Gozag.
  4219 | D:4      | Became a worshipper of Warmaster Okawaru
  4319 | D:5      | Killed Duvessa
  4645 | D:6      | Noticed a steam dragon
  4655 | D:6      | Killed a steam dragon
  4655 | D:6      | Reached * piety under Okawaru
  4656 | D:6      | Reached XP level 8. HP: 31/42 MP: 9/9
  5546 | D:5      | Noticed Grinder
  5596 | D:5      | Killed Grinder
  5596 | D:5      | Reached ** piety under Okawaru
  5597 | D:5      | Reached XP level 9. HP: 46/46 MP: 10/10
  5950 | D:6      | Killed Dowan
  6834 | D:5      | Reached skill level 5 in Fighting
  7454 | D:6      | Found a stormy altar of Qazlal.
  7615 | D:7      | Found Hysoezirag's Distillery.
  7830 | D:7      | Noticed Pikel
  7906 | D:6      | Killed Pikel
  7906 | D:6      | Reached *** piety under Okawaru
  7907 | D:6      | Reached skill level 10 in Ranged Weapons
  7907 | D:6      | Reached skill level 10 in Stealth
  8017 | D:7      | Bought a potion of heal wounds for 70 gold pieces
  8050 | D:7      | Noticed Menkaure
  8105 | D:7      | Killed Menkaure
  8161 | D:7      | Reached XP level 10. HP: 51/51 MP: 11/11
  8169 | D:7      | Found a snail-covered altar of Cheibriados.
  8331 | D:7      | Noticed Maggie
  8368 | D:7      | Killed Maggie
  8658 | D:7      | Reached **** piety under Okawaru
  8772 | D:7      | Found Efroz's Armour Emporium.
  8821 | D:7      | Found Heukaf's Weapon Shop.
  9451 | D:7      | Reached XP level 11. HP: 56/56 MP: 11/18
 11172 | D:9      | Noticed a two-headed ogre
 11193 | D:9      | Killed a two-headed ogre
 11194 | D:9      | Reached skill level 10 in Dodging
 11372 | D:9      | Reached ***** piety under Okawaru
 11551 | D:9      | Found a basalt altar of Yredelemnul.
 11721 | D:9      | Identified the +6 quick blade "Cummeunint" {protect, Fly
                  | Str+4 Int-5} (Okawaru gifted it to you on level 9 of the
                  | Dungeon)
 11721 | D:9      | Received a gift from Okawaru
 11927 | D:9      | Found a hide-covered altar of Uskayaw.
 12264 | D:10     | Entered Level 10 of the Dungeon
 12295 | D:9      | Reached XP level 12. HP: 62/62 MP: 19/19
 12644 | D:10     | HP: 2/62 [acid dragon/splash of acid (25)]
 12903 | D:10     | Found a white marble altar of Elyvilon.
 13448 | D:10     | Found a staircase to the Orcish Mines.
 14016 | D:11     | Noticed a boulder beetle
 14206 | D:10     | Identified the +1 leather armour of Surprise {rCorr Slay-4
                  | Stlth+}
 14276 | Orc:1    | Entered Level 1 of the Orcish Mines
 14276 | Orc:1    | Found a transporter.
 14277 | Orc:1    | Found a transporter.
 14396 | Orc:1    | Noticed a two-headed ogre
 14454 | Orc:1    | Killed a two-headed ogre
 14610 | Orc:1    | Killed from afar by an orc sorcerer

Illustrated notes

Levels and vault maps discovered:
D:1:      beargit_arrival_diablo_church, layout_basic
D:2:      layout_basic, uniq_crazy_yiuf_cottage
D:3:      layout_basic, nicolae_dithmenos_the_darkroom, fedhas_ov_isle_minmay,
          serial_co_window_serial, co_window_paths_a, co_window_paths_a,
          co_window_cross_1, co_window_paths_b, co_window_corner_a,
          co_window_broadway_b, co_window_corner_b, co_window_corner_b,
          co_window_of_opportunity_b, co_window_paths_d, co_window_4corner_a,
          glass_columns_a, feat_on_display
D:4:      layout_rooms, nzn_hepliaklqana_mist_gate, brannock_xom_greatest_gift,
          minitemple, minmay_temple_entry_purple_smoke, uniq_sigmund,
          uniq_edmund
D:5:      layout_loops_ring, uniq_duvessa, uniq_grinder
D:6:      layout_basic, nicolae_qazlal_general_emergency,
          minmay_increasing_density
D:7:      layout_loops_ring, slow_altar_1, serial_shops, nicolae_square_shop,
          nicolae_shop_bloodbath_and_beyond, kennysheep_mini_moat,
          minmay_alternating_orb, uniq_maggie, uniq_menkaure, uniq_pikel
D:8:      layout_layer_cave
D:9:      layout_basic, nicolae_yredelemnul_corpse_copse,
          nicolae_uskayaw_dance_studio, minmay_misc_feat_chi,
          minmay_gold_behind_fungi
D:10:     layout_stronghold, mainiacjoe_overflow_alcove_2, david_orc_2
D:11:     layout_roguey, dpeg_oklobed_lair, nicolae_wu_jian_glorious_leap,
          uniq_snorg
Temple:   nicolae_temple_godpark
Orc:1:    gammafunk_beogh_shrine, layout_caves, enter_volcano_3

Skill      XL: |  1  2  3  4  5  6  7  8  9 10 11 12 |
---------------+-------------------------------------+-----
Stealth        | 2 3 4 5 6 8 10 11 12 | 12.6
Dodging        | 3 4 5 6 7 8 9 10 11 | 11.0
Fighting       | 2 3 4 5 6 7 |  7.0
Ranged Weapons | 5 6 7 8 10 11 12 | 12.2
Invocations    | 9 |  9.1

Action                   |  1- 3 |  4- 6 |  7- 9 | 10-12 || total
-------------------------+-------+-------+-------+-------++-------
 Fire: Shortbow          |    92 |   172 |   513 |   862 ||  1639
Throw: Throwing net      |       |       |     2 |       ||     2
Evoke: Wand              |       |       |     4 |     1 ||     5
  Use: Scroll            |       |     7 |     4 |    11 ||    22
       Potion            |       |       |     2 |     4 ||     6
Armor: Robe              |     4 |     3 |    12 |    29 ||    48
Dodge: Dodged            |    45 |    24 |   221 |   348 ||   638

Table legend: (Time is in decaauts)
 A = Elapsed time spent in this place.
 B = Non-inter-level travel time spent in this place.
 C = Inter-level travel time spent in this place.
 D = Time resting spent in this place.
 E = Time spent auto-exploring this place.
 F = Levels seen in this place.
 G = Mean time per level.
                   A        B        C        D        E       F      G
               +--------+--------+--------+--------+--------+-----+--------+
         Total |  10788 |  10208 |    580 |    116 |   6895 |  13 |  829.8 |
       Dungeon |  10469 |   9897 |    572 |    116 |   6718 |  11 |  951.7 |
        Temple |     88 |     81 |      7 |      0 |     72 |   1 |   88.0 |
  Orcish Mines |    231 |    231 |      0 |      0 |    105 |   1 |  231.0 |
               +--------+--------+--------+--------+--------+-----+--------+

Top non-repeatable levels by time:
     D:5: 1429 daAuts
     D:9: 1368 daAuts
     D:7: 1318 daAuts
     D:6: 1194 daAuts
     D:8: 1124 daAuts
    D:10: 1075 daAuts
     D:4: 999 daAuts
     D:3: 776 daAuts
     D:2: 737 daAuts
     D:1: 442 daAuts
   Orc:1: 231 daAuts
  Temple: 88 daAuts
    D:11: 1 daAuts
